 Dungeon Crawl Stone Soup version 0.22-a0-322-g60b3cfd (webtiles) character file.

262 erloom the Ruffian (level 6, -3/51 HPs)
             Began as a Naga Transmuter on Apr 5, 2018.
             Slain by an orc
             ... wielding a +0 falchion
              (4 damage)
             ... on level 3 of the Dungeon.
             The game lasted 00:11:22 (3487 turns).

erloom the Ruffian (Naga Transmuter)                Turns: 3487, Time: 00:11:23

Health: -3/51      AC:  2    Str: 11 (13) XL:     6   Next: 18%
Magic:  11/11      EV: 19    Int: 13 (15) God:
Gold:   105        SH:  0    Dex: 14 (16) Spells: 4/12 levels left

rFire    . . .     SeeInvis +     - Unarmed
rCold    . . .     Gourm    .   (shield currently unavailable)
rNeg     . . .     Faith    .   (armour currently unavailable)
rPois    x         Spirit   .   (helmet currently unavailable)
rElec    .         Reflect  .   (cloak currently unavailable)
rCorr    .         Harm     .   (gloves currently unavailable)
MR       .....                  (no barding)
Stlth    +.........             n - amulet of magic regeneration
HPRegen  0.17/turn              (no ring)
MPRegen  0.37/turn              (no ring)

@: spider-form (expiring), very slightly contaminated
A: tiny, see invisible, slow metabolism 1, spit poison 1, AC +2
a: Spit Poison, End Transformation


You were on level 3 of the Dungeon.
You were not hungry.
You were a venomous arachnid creature.
You visited 1 branch of the dungeon, and saw 3 of its levels.

You collected 105 gold pieces.

Inventory:

Missiles
 a - 34 arrows
Armour
 b - a +0 robe (melded)
Jewellery
 n - an amulet of magic regeneration (around neck)
 p - an uncursed amulet of faith
Scrolls
 c - 4 scrolls of identify {unknown}
 e - a scroll of random uselessness {unknown}
 g - 2 scrolls of enchant weapon {unknown}
 i - 4 scrolls of magic mapping {unknown}
 l - a scroll of teleportation {unknown}
 m - 2 scrolls of remove curse {unknown}
Potions
 h - a potion of haste
 k - a potion of agility {unknown}
Comestibles
 d - 5 rations
 o - 9 chunks of flesh


   Skills:
 - Level 1.0 Fighting
 - Level 1.5 Dodging
 + Level 4.1 Unarmed Combat
 + Level 3.6 Spellcasting
 + Level 3.4 Transmutations
 - Level 3.1 Poison Magic


You had 4 spell levels left.
You knew the following spells:

 Your Spells              Type           Power        Failure   Level  Hunger
a - Beastly Appendage     Tmut           ##....       14%         1    #......
b - Spider Form           Tmut/Pois      ##........   34%         3    ###....
c - Ice Form              Ice/Tmut       #.......     87%         4    #####..


Dungeon Overview and Level Annotations

Branches:
Dungeon (3/15)

Altars:
Okawaru
Xom


Innate Abilities, Weirdness & Mutations

You cannot wear boots.
((Your serpentine skin is tough. (AC +2)))
You have supernaturally acute eyesight. (SInv)
((Armour fits poorly on your strangely shaped body.))
((Your system is resistant to poisons. (rPois)))
((You cover ground very slowly.))
You have a slow metabolism.
You can spit poison.


Message History

You hit the gnoll but do no damage.
The gnoll looks as sick as possible!
The gnoll is severely wounded.
The gnoll closely misses you.
You hit the gnoll but do no damage.
The gnoll looks as sick as possible!
The gnoll is almost dead.
Your transformation is almost over.
You have got your breath back.
The gnoll hits you with a spear!
* * * LOW HITPOINT WARNING * * *
Unknown command.
It was a potion of magic.
Magic courses through your body.
You kill the gnoll!
Unknown command.
Okay, then.
Okay, then.
It was a potion of degeneration.
There was something very wrong with that liquid.
You feel weakened.
You feel dopey.
You feel clumsy. The orc hits you with a falchion.
You die...

#..#.# #
#..#.# #
#..#.# #
#..).# #
#....# #.#..#
# #.##>#
#..#####.####
#..sos...#
....########
#


You could see an orc and a giant cockroach.

Vanquished Creatures
  A bullfrog skeleton (D:2)
  An orc priest (D:3)
  An orc wizard (D:3)
  7 adders
  3 gnolls (D:3)
  2 oozes (D:1)
  2 dart slugs (D:1)
  3 leopard geckos
  4 orcs
  9 bats
  3 giant cockroaches
  9 goblins
  7 hobgoblins
  5 jackals
  4 kobolds
  4 frilled lizards
  A giant cockroach zombie (D:1)
  A quokka zombie (D:1)
  6 rats
73 creatures vanquished.

Notes
Turn   | Place    | Note
-------+----------+-------------------------------------------
     0 | D:1      | erloom the Naga Transmuter began the quest for the Orb.
     0 | D:1      | Reached XP level 1. HP: 18/18 MP: 3/3
   369 | D:1      | Reached XP level 2. HP: 13/25 MP: 3/5
   766 | D:1      | Reached XP level 3. HP: 24/31 MP: 6/6
  1728 | D:1      | Learned a level 3 spell: Spider Form
  1847 | D:2      | Reached XP level 4. HP: 32/38 MP: 8/8
  1870 | D:2      | Reached skill level 1 in Poison Magic
  2734 | D:2      | You fall through a shaft!
  2766 | D:2      | Reached XP level 5. HP: 21/44 MP: 2/9
  3081 | D:2      | Found an iron altar of Okawaru.
  3212 | D:2      | Found a shimmering altar of Xom.
  3406 | D:3      | Reached skill level 4 in Unarmed Combat
  3409 | D:3      | Reached XP level 6. HP: 43/51 MP: 11/11
  3436 | D:3      | Learned a level 4 spell: Ice Form
  3485 | D:3      | HP: 1/51 [gnoll/spear (8)]
  3487 | D:3      | Slain by an orc

Vault maps used:
D:1:      saegor_arrival_fortress, minmay_pentomino_o2
D:2:      marbit_many_paths, first_ration, kennysheep_okawaru_gauntlet
D:3:      cheibrodos_pilgrimage, nicolae_overflow_crystal_walls, led_sif_pool,
          gup_sewer_entry_spiral, serial_bayou_pond_a

Skill      XL: |  1  2  3  4  5 |
---------------+----------------+-----
Transmutations | 3 |  3.4
Spellcasting   | 3 |  3.6
Poison Magic   | 3 |  3.1
Unarmed Combat | 4 |  4.1
Fighting       | |  1.0
Dodging        | |  1.5

Action                   |  1- 3 |  4- 6 || total
-------------------------+-------+-------++-------
Melee: Unarmed           |   133 |   126 ||   259
       Headbutt          |    10 |     6 ||    16
       Punch             |     1 |     1 ||     2
 Cast: Beastly Appendage |    16 |     9 ||    25
       Spider Form       |       |     7 ||     7
 Abil: Spit Poison       |     3 |    25 ||    28
  Use: Potion            |       |     2 ||     2
 Stab: Sleeping          |       |     1 ||     1
  Eat: Chunk             |     2 |     7 ||     9
Armor: Robe              |    28 |    28 ||    56
       Skin              |       |     2 ||     2
Dodge: Dodged            |    76 |    92 ||   168

Table legend:
 A = Spawn XP
 B = Non-spawn XP
 C = Spawn XP percentage of total XP
 D = Spawn monster count
 E = Non-spawn monster count
 F = Spawn count percentage of total count
 G = Total turns spent on level
                    A         B        C        D         E        F      G
               +---------+---------+-------+---------+---------+-------+---------
         Total |       0 |     375 |   0.0 |       0 |      73 |   0.0 |  3487
               +---------+---------+-------+---------+---------+-------+---------
           D:1 |       0 |      62 |   0.0 |       0 |      28 |   0.0 |  1747
           D:2 |       0 |     166 |   0.0 |       0 |      33 |   0.0 |  1482
           D:3 |       0 |     147 |   0.0 |       0 |      12 |   0.0 |   258
               +---------+---------+-------+---------+---------+-------+---------
